 Dungeon Crawl Stone Soup version 0.21.1-1-g345015fe64 (webtiles) character file.

21454 P0ring the Basher (level 12, -1/112 HPs)
             Began as a Minotaur Berserker on Apr 19, 2018.
             Was the Champion of Trog.
             Succumbed to a green ugly thing's poison
             ... on level 14 of the Dungeon.
             The game lasted 00:35:16 (11994 turns).

P0ring the Basher (Minotaur Berserker)             Turns: 11994, Time: 00:35:17

Health: -1/112     AC: 12    Str: 31    XL:     12   Next: 54%
Magic:  1/11       EV: 14    Int:  8    God:    Trog [******]
Gold:   701        SH:  0    Dex: 14    Spells: 11/11 levels left

rFire    . . .     SeeInvis .   e - +7 dire flail of Keezaecs {crush, rC+ MR+ Dex+3 Stlth-}
rCold    + + .     Gourm    .   (shield currently unavailable)
rNeg     . . .     Faith    .   b - +0 plate armour
rPois    .         Spirit   +   (helmet restricted)
rElec    .         Reflect  .   L - +1 cloak
rCorr    .         Harm     .   J - +0 pair of gloves
MR       +....                  C - +0 pair of boots
Stlth    ..........             g - amulet of guardian spirit
HPRegen  0.28/turn              y - ring of protection from cold
MPRegen  0.12/turn              G - +4 ring of intelligence

@: mighty, lethally poisoned (-1 -> -8), corroded, berserk cooldown, slowed,
very slow
A: retaliatory headbutt, horns 2
a: Berserk, Trog's Hand, Brothers in Arms, Burn Spellbooks, Renounce Religion


You were on level 14 of the Dungeon.
You worshipped Trog.
Trog was exalted by your worship.
You were hungry.

You visited 1 branch of the dungeon, and saw 13 of its levels.

You collected 701 gold pieces.

Inventory:

Hand Weapons
 a - a +0 mace
 e - the +7 dire flail of Keezaecs (weapon) {crush, rC+ MR+ Dex+3 Stlth-}
   (Trog gifted it to you on level 12 of the Dungeon)

   It inflicts extra damage upon your enemies.
   It affects your dexterity (+3).
   It protects you from cold.
   It affects your resistance to hostile enchantments.
   It makes you less stealthy.
 f - a +4 flail of freezing
 h - a +3 flail
 v - a +1 mace
 K - a +1 hunting sling of freezing
 P - a +1 hunting sling of freezing
Armour
 b - a +0 plate armour (worn)
 k - a +0 scale mail
 m - a +0 shield
 q - a +1 cloak
 C - a +0 pair of boots (worn)
 J - a +0 pair of gloves (worn)
 L - a +1 cloak (worn)
Jewellery
 d - an uncursed ring of protection from cold
 g - an amulet of guardian spirit (around neck)
 y - a ring of protection from cold (left hand)
 z - an uncursed amulet of the gourmand
 G - a +4 ring of intelligence (right hand)
 R - the ring of Voelatri {+Fly rF- rC+ MR+ Str+5, unknown}
   (You took it off an orc priest on level 12 of the Dungeon)

   [ring of protection from cold]

   It affects your strength (+5).
   It makes you vulnerable to fire.
   It protects you from cold.
   It affects your resistance to hostile enchantments.
   It lets you fly.
Wands
 x - a wand of digging (25)
 A - a wand of paralysis (15)
 B - a wand of flame (62)
 M - a wand of scattershot (5)
Scrolls
 n - a scroll of fog
 o - 3 scrolls of enchant weapon
 s - 3 scrolls of remove curse
 D - a scroll of magic mapping
 E - 3 scrolls of enchant armour
 H - a scroll of teleportation
 I - a scroll of fear
Potions
 i - 2 potions of haste
 j - 3 potions of berserk rage
 l - 3 potions of agility
 p - 2 potions of mutation
 r - a potion of cancellation {unknown}
 t - a potion of heal wounds {unknown}
 u - 5 potions of degeneration
 w - a potion of brilliance
 F - 2 potions of flight
Miscellaneous
 N - a phial of floods
Comestibles
 c - 18 rations


   Skills:
 + Level 11.9 Fighting
 + Level 11.9 Maces & Flails
 + Level 11.3 Armour
 + Level 10.7 Dodging
 + Level 10.9 Shields


You had 11 spell levels left.
You didn't know any spells.

Dungeon Overview and Level Annotations

Branches:
Dungeon (12/15)            Temple (0/1) D:7            Lair (0/6) D:11
    Orc (0/2) D:10

Altars:
Ashenzari
Cheibriados
Dithmenos
Gozag
Okawaru
Ru
Sif Muna
Trog
Uskayaw
Wu Jian
Xom
Zin

Shops:
D:6 *

Annotations:
D:12 4 runed doors


Innate Abilities, Weirdness & Mutations

You reflexively headbutt those who attack you in melee.
You have a pair of horns on your head.


Message History

You are too berserk!
You feel sick.
You feel a strong urge to attack something.
You are no longer berserk.
Trog's vigour flows through your veins.
You are exhausted.
You feel yourself slow down.
You feel sick.
The brown ugly thing basks in the mutagenic energy from its kin and changes!
Okay, then.
Okay, then.
You feel sick.
You feel sick.
You feel sick. The brown ugly thing gores you!
* * * LOW HITPOINT WARNING * * *
You are splashed with acid!
The acid burns!
* * * LOW HITPOINT WARNING * * *
Unknown command.
It was a potion of might.
You feel very mighty all of a sudden.
You die...

#..# #........ #..#
##........ ....
.........# .....
.......... #... .... #..#
#..# . #..# #u.# #..# #
..####..# #..# #..# #
.......@# #ua# #..# #
.......u# #..# #..# #
..####.u# #..# #..# #
#..# #..# #..# #
#..####..####..####..####
.........†...............
.........................
#########################


You could see 2 ugly things.

Vanquished Creatures
  The ghost of Knicklaso the Cleaver, a journeyman HOMo of Beogh (D:11)
  2 hydras
  A rakshasa (D:12)
  A tengu warrior (D:11)
  2 two-headed ogres
  6 ugly things
  A cyclops (D:11)
  6 trolls
  5 hippogriffs
  Sigmund (D:6)
  A wyvern (D:11)
  A fire bat (shapeshifter) (D:11)
  4 wraiths
  9 yaks
  A hungry ghost (D:10)
  2 steam dragons
  6 ice beasts
  12 orc warriors
  4 sky beasts
  A necrophage (D:11)
  2 black bears (D:7)
  An eye of draining (D:11)
  5 phantoms
  6 ogres
  18 centaurs
  A crocodile (D:7)
  2 big kobolds
  11 bullfrogs
  A wyvern zombie (D:11)
  A wyvern skeleton (D:10)
  2 scorpions
  2 water moccasin skeletons
  A killer bee (D:11)
  6 wights
  5 howler monkeys
  A centaur zombie (D:12)
  A crimson imp (D:7)
  7 jellies
  3 quasits (D:10)
  6 hounds
  12 orc priests
  2 bullfrog zombies (D:6)
  19 orc wizards
  Crazy Yiuf (D:5)
  5 bullfrog skeletons
  2 centaur skeletons
  2 iguanas
  Natasha (thrice) (D:3)
  9 worker ants
  Ijyb (D:3)
  Terence (D:3)
  A killer bee zombie (D:7)
  4 hound zombies
  2 hound skeletons
  A howler monkey zombie (D:8)
  Robin (D:3)
  2 worker ant zombies
  7 gnolls
  18 adders
  4 shadow imps
  2 dart slugs
  7 leopard geckos
  64 orcs
  4 giant cockroaches
  13 goblins
  7 hobgoblins
  2 jackals (D:6)
  7 kobolds
  7 quokkas
  5 bats
  2 frilled lizards
  A leopard gecko zombie (D:6)
  10 rats
377 creatures vanquished.

Notes
Turn   | Place    | Note
-------+----------+-------------------------------------------
     0 | D:1      | P0ring the Minotaur Berserker began the quest for the Orb.
     0 | D:1      | Reached XP level 1. HP: 19/19 MP: 0/0
   362 | D:1      | Reached XP level 2. HP: 27/27 MP: 1/1
   628 | D:2      | Found a hide-covered altar of Uskayaw.
   647 | D:1      | Reached XP level 3. HP: 15/34 MP: 2/2
  1202 | D:2      | Reached XP level 4. HP: 41/41 MP: 3/3
  1497 | D:2      | Reached ** piety under Trog
  1510 | D:2      | Found a glowing silver altar of Zin.
  1510 | D:2      | Found an opulent altar of Gozag.
  1929 | D:3      | Reached skill level 5 in Fighting
  1929 | D:3      | Reached skill level 5 in Maces & Flails
  1929 | D:3      | Reached XP level 5. HP: 46/48 MP: 4/4
  2051 | D:3      | Noticed Natasha
  2057 | D:3      | Killed Natasha
  2060 | D:3      | Noticed Natasha
  2071 | D:3      | Killed Natasha
  2090 | D:3      | Noticed Terence
  2099 | D:3      | Killed Terence
  2099 | D:3      | Reached skill level 1 in Shields
  2329 | D:3      | Noticed Robin
  2339 | D:3      | Noticed Natasha
  2349 | D:3      | Killed Natasha
  2370 | D:3      | Killed Robin
  2370 | D:3      | Reached XP level 6. HP: 20/56 MP: 5/5
  2598 | D:3      | Noticed Ijyb
  2605 | D:3      | Killed Ijyb
  2644 | D:3      | Found a deep blue altar of Sif Muna.
  3224 | D:4      | Reached *** piety under Trog
  3618 | D:5      | Entered Level 5 of the Dungeon
  3716 | D:5      | Reached XP level 7. HP: 54/62 MP: 4/6
  3719 | D:5      | Found a shimmering altar of Xom.
  3825 | D:5      | Found an iron altar of Okawaru.
  3825 | D:5      | Found a bloodstained altar of Trog.
  4095 | D:5      | Found a runed door.
  4342 | D:5      | Noticed Crazy Yiuf
  4347 | D:5      | Killed Crazy Yiuf
  4480 | D:6      | Reached skill level 5 in Dodging
  4581 | D:6      | Reached XP level 8. HP: 65/71 MP: 5/7
  4600 | D:6      | Reached skill level 5 in Armour
  4638 | D:6      | Noticed Sigmund
  4660 | D:6      | Killed Sigmund
  4997 | D:6      | Found Puxzeul's General Store.
  5154 | D:7      | Reached skill level 5 in Shields
  5447 | D:7      | Reached XP level 9. HP: 79/79 MP: 8/8
  5484 | D:7      | Reached **** piety under Trog
  5728 | D:7      | Found a staircase to the Ecumenical Temple.
  6658 | D:9      | Noticed a two-headed ogre
  6665 | D:9      | Killed a two-headed ogre
  6665 | D:9      | Reached XP level 10. HP: 58/90 MP: 5/9
  6937 | D:9      | Reached ***** piety under Trog
  7180 | D:9      | Found a snail-covered altar of Cheibriados.
  7181 | D:9      | Found a shadowy altar of Dithmenos.
  7181 | D:9      | Found a shimmering altar of Xom.
  7181 | D:9      | Found a sacrificial altar of Ru.
  7186 | D:9      | Found a shattered altar of Ashenzari.
  7724 | D:10     | Entered Level 10 of the Dungeon
  7817 | D:10     | Found a staircase to the Orcish Mines.
  8302 | D:10     | Received a gift from Trog
  8431 | D:10     | Reached skill level 10 in Maces & Flails
  8481 | D:10     | Reached skill level 10 in Fighting
  8509 | D:10     | Noticed an eight-headed hydra
  8516 | D:10     | Killed an eight-headed hydra
  8516 | D:10     | Reached XP level 11. HP: 99/99 MP: 10/10
  8750 | D:11     | Noticed a cyan ugly thing
  8771 | D:11     | Killed a cyan ugly thing
  9209 | D:11     | Noticed Knicklaso's ghost (journeyman HOMo)
  9239 | D:11     | Killed Knicklaso's ghost
  9610 | D:11     | Noticed a tengu warrior
  9645 | D:11     | Killed a tengu warrior
  9645 | D:11     | Reached skill level 10 in Armour
 10026 | D:11     | Received a gift from Trog
 10125 | D:11     | Found a staircase to the Lair.
 10132 | D:11     | Reached skill level 10 in Shields
 10210 | D:11     | Reached skill level 10 in Dodging
 10753 | D:12     | Reached XP level 12. HP: 106/110 MP: 11/11
 10893 | D:12     | Noticed a two-headed ogre
 10901 | D:12     | Killed a two-headed ogre
 10908 | D:12     | Found a large runed door.
 10908 | D:12     | Found a large runed door.
 11096 | D:12     | Found an ornate altar of the Wu Jian Council.
 11111 | D:12     | Got a pitted jade ring
 11138 | D:12     | Noticed a rakshasa
 11164 | D:12     | Killed a rakshasa
 11164 | D:12     | Reached ****** piety under Trog
 11627 | D:12     | Received a gift from Trog
 11629 | D:12     | Noticed a four-headed hydra
 11642 | D:12     | Killed a four-headed hydra
 11651 | D:12     | Got a steaming dire flail {god gift}
 11657 | D:12     | Identified the +7 dire flail of Keezaecs {crush, rC+ MR+ Dex+3 Stlth-} (Trog gifted it to you on level 12 of the Dungeon)
 11861 | D:12     | Found a large runed door.
 11861 | D:12     | Found a large runed door.
 11876 | D:12     | You fall through a shaft for 2 floors!
 11993 | D:14     | HP: 1/112 [acid (8)]
 11994 | D:14     | Succumbed to a green ugly thing's poison

Skill      XL: |  1  2  3  4  5  6  7  8  9 10 11 12 |
---------------+-------------------------------------+-----
Fighting       | 4 5 6 7 8 10 11 | 11.9
Maces & Flails | 4 5 6 7 8 10 11 | 11.9
Dodging        | 3 4 5 6 7 8 10 | 10.7
Armour         | 3 4 6 7 9 10 11 | 11.3
Shields        | 1 2 3 5 7 8 10 | 10.9

Action                   |  1- 3 |  4- 6 |  7- 9 | 10-12 || total
-------------------------+-------+-------+-------+-------++-------
Melee: Mace              |    51 |   182 |   252 |       ||   485
       Headbutt          |    10 |    25 |    58 |   126 ||   219
       Flail             |       |       |    38 |   589 ||   627
       Dire flail        |       |       |       |    34 ||    34
Invok: Berserk           |       |     1 |     3 |    11 ||    15
       Burn Spellbooks   |       |       |       |     1 ||     1
  Use: Scroll            |       |     9 |     9 |     4 ||    22
       Potion            |       |     1 |       |     3 ||     4
  Eat: Chunk             |     1 |     9 |     9 |    20 ||    39
       Ration            |       |       |     1 |     2 ||     3
Armor: Animal skin       |    12 |       |       |       ||    12
       Scale mail        |       |    71 |   114 |    33 ||   218
       Plate armour      |       |       |       |   246 ||   246
Dodge: Dodged            |    53 |    91 |   113 |   219 ||   476
Block: Shield            |       |    90 |   135 |   345 ||   570
